[Event "Early-Titled-Tuesday-Blitz-October-10-2023"]
[Site "Chess.com"]
[Date "2023.10.10"]
[Round "2"]
[White "LeninGuerra"]
[Black "Abund"]
[Result "1-0"]
[WhiteElo "2568"]
[BlackElo "2775"]
[TimeControl "180+1"]
[EndTime "8:19:02 PDT"]
[Termination "LeninGuerra won by resignation"]

1. e4 e5 2. Nf3 Nc6 3. Bb5 a6 4. Ba4 b5 5. Bb3 Be7 6. Qe2 Nf6 7. O-O O-O 8. c3 d6 9. Rd1 Na5 10. Bc2 c5 11. d3 Qc7 12. Nbd2 Re8 13. Nf1 Bf8 14.
Bg5 Nh5 15. Ne3 Bb7 16. Nxe5 Rxe5 17. Qxh5 g6 18. Qg4 Bg7 19. Bf4 Ree8 20. Qg3 Rad8 21.
Ng4 h5 22. Ne3 b4 23. Ba4 Re6 24. Rac1 Qb6 25. cxb4 Qxb4 26. b3 Qa3 27. Rc2 Qb4 28. Bg5 Ra8 29. Bd7 Re5 30. f4 Ree8 31. Bxe8 Rxe8 32. f5 Nc6 33. Nd5 Qa5 34. fxg6 fxg6 35. Qxd6 Ne5 36. Qxc5 Qxc5+ 37. Rxc5 Nf7 38. Be3 Ne5 39.
h3 Bxd5 40. Rxd5 Nc6 41. Rd6 Nb4 42. Rxg6 Kh7 43. Rg5 Nc2 44. Rxh5+ Kg6 45. Rg5+ Kh7 46. Rxg7+ Kxg7 47. Bc5 Rc8 48. b4 Na3 49. d4 Kf6 50. Rf1+ Ke6 51. Rf5 Nc4 52. d5+ Kd7 53. Rf7+ Ke8 54.
Rf8+ Kd7 55. Rxc8 Kxc8 56. Kf2 Kd7 57. Kf3 a5 58. bxa5 Nxa5 59. Kf4 Nb7 60. Bd4 Nd6 61. e5 Nb5 62. Bc5 Nc3 63. e6+ Ke8 64. Ke5 Nb5 65.
d6 Nc7 66. d7+ Kd8 67. Bb6 Ke7 68. Bxc7 Kf8 69. d8=Q+ Kg7 70. Qf6+ Kh7 71. e7 Kg8 72. e8=Q+ 1-0

[Event "Early-Titled-Tuesday-Blitz-October-10-2023"]
[Site "Chess.com"]
[Date "2023.10.10"]
[Round "2"]
[White "Msb2"]
[Black "combidharma"]
[Result "0-1"]
[WhiteElo "3067"]
[BlackElo "2650"]
[TimeControl "180+1"]
[EndTime "8:19:03 PDT"]
[Termination "combidharma won by checkmate"]

1. d4 d5 2. c4 c6 3. Nf3 Nf6 4. Nc3 e6 5. Qc2 Nbd7 6. cxd5 exd5 7. Bg5 Bd6 8. e3 O-O 9. Bd3 h6 10. Bh4 a6 11. O-O-O Be7 12. Rdg1 Re8 13. g4 Ne4 14.
Bxe7 Qxe7 15. h4 Ndf6 16. Ne5 Nd7 17. g5 Nxe5 18. dxe5 h5 19. Bxe4 dxe4 20. Nxe4 Qxe5 21. Nf6+ gxf6 22. gxf6+ Kf8 23. Rg5 Qxf6 24. Rhg1 Bg4 25.
Qc5+ Qe7 26. Rg8+ Kxg8 27. Qxh5 Qf6 28. Rxg4+ Kf8 29. Rf4 Qe6 30. Qh8+ Ke7 31. Qh7 Rh8 32. Qc2 Rh5 33. Qc3 Rd8 34. f3 Qd6 35. Re4+ Kf8 36. Rd4 Rd5 37. Rg4 Rd1+ 38. Kc2 Qd2+ 39. Qxd2 R1xd2+ 40. Kc3 R2d3+ 41. Kc4 Rxe3 42. Kc5 Red3 43. h5 R3d5+ 44.
Kb6 Rxh5 45. Kc7 Rd2 46. b4 Rxa2 47. Kxb7 Rb5+ 48. Kxc6 Rc2+ 49. Kd6 Rb2 50. Rh4 R2xb4 51. f4 Rb6+ 52. Kc5 R4b5+ 53. Kc4 a5 54. Rh1 a4 55. f5 Rxf5 56. Ra1 Ra5 57. Kc3 a3 58. Ra2 Rb2 59. Ra1 f5 60. Rf1 Rb7 61. Kc4 a2 62.
Ra1 Rb1 63. Rxa2 Rxa2 64. Kc3 f4 65. Kd3 f3 66. Ke3 f2 67. Ke4 f1=Q 68. Kd5 Qc4+ 69.
Kd6 Rb6+ 70. Kd7 Ra7+ 71. Kd8 Qd5+ 72. Kc8 Rc6+ 73. Kb8 Rb7+ 74. Ka8 Ra6# 0-1

[Event "Early-Titled-Tuesday-Blitz-October-10-2023"]
[Site "Chess.com"]
[Date "2023.10.10"]
[Round "2"]
[White "marvelavengers4"]
[Black "Battever"]
[Result "0-1"]
[WhiteElo "2291"]
[BlackElo "2516"]
[TimeControl "180+1"]
[EndTime "8:19:04 PDT"]
[Termination "Battever won by resignation"]

1. Nf3 Nc6 2. e4 e5 3. Bc4 Bc5 4. O-O Nf6 5. Nc3 d6 6. d3 h6 7. h3 a6 8. a3 g5 9. Be3 g4 10.
Nh2 gxh3 11. g3 Nd4 12. Ne2 h5 13. Nxd4 Bxd4 14. Bg5 Rg8 15. Bh4 Bg4 16. Qd2 Rg6 17. c3 Bb6 18. Nxg4 hxg4 19. Kh2 Qd7 20. f4 gxf3 21.
Rxf3 Ng4+ 22. Kh1 f6 23. Raf1 Qe7 24. Rf5 O-O-O 25. Qe2 Rh8 26. Bb3 Kb8 27. Bd1 h2 28.
Qd2 Qg7 29. Bxg4 Rxg4 30. Qxh2 Rxg3 31. Bxg3 Rxh2+ 32. Bxh2 Qg4 33. R1f3 Qh4 34. Rg3 Qh6 35. Rg2 Qh3 36. Rxf6 Qxd3 37. Rf8+ Ka7 38. Rgg8 Qxe4+ 39. Rg2 Be3 40. Bg1 Bxg1 41. Kxg1 Qe1+ 42. Rf1 Qe3+ 43. Kh2 d5 44. Rf7 Qh6+ 45. Kg1 e4 46. Rgg7 Qb6+ 47. Kg2 Qxb2+ 48. Kg3 Qb6 49. Rxc7 Qe3+ 50. Kg4 Qb6 51. Kf4 Qd6+ 52. Ke3 Qb6+ 53. Kf4 a5 54. Ke5 e3 55.
Kf4 e2 56. Rce7 Qf2+ 57. Kg5 e1=Q 58. Rxb7+ Ka6 59. Ra7+ Qxa7 60. Rxa7+ Kxa7 0-1

[Event "Early-Titled-Tuesday-Blitz-October-10-2023"]
[Site "Chess.com"]
[Date "2023.10.10"]
[Round "2"]
[White "amylazy"]
[Black "Alex_Sahakyan2006"]
[Result "0-1"]
[WhiteElo "2401"]
[BlackElo "2691"]
[TimeControl "180+1"]
[EndTime "8:19:06 PDT"]
[Termination "Alex_Sahakyan2006 won on time"]

1. d4 Nf6 2. Nf3 e6 3. e3 b6 4. Bd3 Bb7 5. O-O c5 6. c4 cxd4 7. exd4 d5 8. c5 bxc5 9. dxc5 Bxc5 10. Bb5+ Nbd7 11. Bg5 O-O 12. Nc3 Be7 13. Re1 Rb8 14. Bxd7 Qxd7 15. Ne5 Qd8 16. Qa4 d4 17. Rad1 Nd5 18.
Bxe7 Qxe7 19. Rxd4 Nxc3 20. bxc3 Rfd8 21. Qxa7 Rxd4 22.
cxd4 Rc8 23. h3 Qb4 24. Nd3 Qb5 25. Nc5 Bd5 26. a4 Qb4 27. Rd1 h6 28. Qa6 Ra8 29. Qb5 Qc3 30. Qd3 Qa5 31. Rb1 Qd8 32. Qb5 Qg5 33. Qf1 Qg6 34. Ra1 Qf6 35. a5 Qxd4 36.
Qc1 Rc8 37. a6 Rxc5 38. Qf1 Rc7 39. Rd1 Qe4 40. Re1 Qg6 41. Ra1 Ra7 42. f3 Qf6 43. Ra3 Qd4+ 44. Kh1 Qc5 45. Ra1 g6 46. Qd3 Bc4 47.
Qc3 Qd5 48. Qc1 Rxa6 49. Rxa6 Bxa6 50. Qxh6 Qd1+ 51. Kh2 Qd6+ 52. Kh1 Qe5 53. Qd2 Bc4 54. Qd8+ Kg7 55. Qd1 Bd5 56. Qd2 Qa1+ 57. Kh2 Qf6 58. Kh1 g5 59. Kh2 Qf4+ 60. Qxf4 gxf4 61. h4 Kg6 62. Kh3 Kh5 63. g4+ fxg3 64. Kxg3 e5 65. f4 f6 66. Kf2 exf4 0-1

[Event "Early-Titled-Tuesday-Blitz-October-10-2023"]
[Site "Chess.com"]
[Date "2023.10.10"]
[Round "2"]
[White "djano"]
[Black "UK_23"]
[Result "1/2-1/2"]
[WhiteElo "2668"]
[BlackElo "2385"]
[TimeControl "180+1"]
[EndTime "8:19:16 PDT"]
[Termination "Game drawn by repetition"]

1. e4 e5 2. Nf3 Nc6 3. Bc4 Nf6 4.
d4 exd4 5. Ng5 Ne5 6. Bb3 d5 7.
f4 Neg4 8. e5 Ne4 9. Qxd4 Bc5 10. Qxd5 Qxd5 11. Bxd5 Nxg5 12. fxg5 c6 13. Bb3 Nxe5 14.
Nc3 O-O 15. Bf4 Ng6 16. Bg3 Re8+ 17. Kd1 Bg4+ 18. Kc1 Be3+ 19. Kb1 Bxg5 20. Rf1 Re7 21. a4 a5 22. Ka2 Be6 23. Bd6 Bxb3+ 24. Kxb3 Re6 25. Bc5 Rae8 26. Bb6 Bd8 27. Bd4 Ne5 28. Rad1 Ng4 29. Bg1 Bf6 30. Rd7 R6e7 31. Rd6 Re6 32. Rd7 R6e7 33. Rd3 h5 34. h3 Ne5 35. Rdd1 Ng6 36.
Bb6 Ra8 37. Rf5 h4 38. Rxa5 Rxa5 39. Bxa5 Nf4 40. Rg1 Bxc3 41. Bxc3 Re2 42. g3 Nxh3 43. Rh1 hxg3 44. Rxh3 g2 45. Rg3 f5 46. Rxg7+ Kf8 47.
Rg5 f4 48. Rf5+ Ke8 49. Bd4 Re3+ 50. Bxe3 fxe3 51. Rg5 e2 52. Re5+ Kd7 53. Rxe2 g1=Q 54.
Rd2+ Kc7 55. Rd3 Qb6+ 56. Ka2 Qa6 57. Ra3 Qc4+ 58. Kb1 Qf1+ 59. Ka2 Qf7+ 60. Kb1 Kb6 61. Rb3+ Ka6 62. Rd3 Qf1+ 63. Ka2 Qf7+ 64. b3 Qe6 65.
Rc3 Kb6 66. Rc4 Qd5 67. Rc3 c5 68. Rc4 Kc6 69. Kb1 b5 70. axb5+ Kxb5 71. Kb2 Qe5+ 72. Kb1 Kc6 73. Kc1 Kd5 74. Kb1 Qf6 75. Ra4 Kc6 76. Rc4 Kb5 77. Ra4 Qg7 78. Rc4 Qa7 79. Ra4 Qd7 80. Rc4 Qd1+ 81. Kb2 Qd2 82. Kb1 Kc6 83.
Kb2 Kd5 84. Kb1 Qe1+ 85. Kb2 Kd6 86. Ra4 Qe5+ 87. Kb1 Kd5 88. Rc4 Qf6 89. Ka2 Qf2 90. Kb1 Qe1+ 91. Kb2 Qe5+ 92. Kb1 1/2-1/2

[Event "Early-Titled-Tuesday-Blitz-October-10-2023"]
[Site "Chess.com"]
[Date "2023.10.10"]
[Round "2"]
[White "mortngabriel"]
[Black "InitiatingASC"]
[Result "1-0"]
[WhiteElo "2537"]
[BlackElo "2330"]
[TimeControl "180+1"]
[EndTime "8:19:18 PDT"]
[Termination "mortngabriel won by checkmate"]

1. d4 d5 2. c4 e6 3. Nf3 c5 4.
cxd5 exd5 5. g3 Nc6 6. Bg2 Nf6 7. O-O Be7 8. a3 c4 9. Nc3 O-O 10. Ne5 Be6 11. Nxc6 bxc6 12. e4 Rc8 13. e5 Ne8 14. f4 g6 15. g4 Ng7 16. Bh3 Qd7 17. f5 gxf5 18. g5 f4 19. Bxe6 Nxe6 20. Bxf4 Nxf4 21. Rxf4 Bxg5 22. Rg4 Qf5 23. h4 h6 24.
hxg5 hxg5 25. Qe2 f6 26. Rf1 Qe6 27. exf6 Rxf6 28. Rxg5+ Kf7 29. Qxe6+ Kxe6 30. Rxf6+ Kxf6 31. Rg2 Re8 32. Re2 Rg8+ 33. Kf2 Rg4 34. Ke3 Rg3+ 35. Kd2 Rd3+ 36. Kc2 Rxd4 37. Na4 Rh4 38. Nc5 d4 39. Re6+ Kf5 40. Rxc6 Rh2+ 41. Kb1 Ke5 42. Rc8 d3 43. Rd8 Rh7 44. Na4 Ke4 45. Nc3+ Ke3 46. Re8+ Kd2 47.
Ne4+ Kd1 48. Nd6 Rc7 49. Re4 c3 50. bxc3 Rxc3 51. a4 Rb3+ 52. Ka2 Rb6 53. Nc4 Ra6 54. Kb3 Kc1 55. Rd4 d2 56. Rxd2 Rc6 57. Rd5 a6 58.
Kb4 Kc2 59. Rd6 Rc8 60. Rxa6 Rb8+ 61. Rb6 Ra8 62. a5 Rh8 63. Nd6 Rh1 64. Kb5 Rb1+ 65.
Ka6 Ra1 66. Nb7 Kc3 67. Rb5 Kc4 68. Rc5+ Kd4 69. Rc8 Kd5 70. Kb6 Rb1+ 71. Ka7 Ra1 72.
a6 Ke6 73. Rc2 Kd7 74. Nc5+ Kc6 75. Ne4+ Kb5 76. Rb2+ Ka5 77. Kb7 Rh1 78. Nd6 Rh7+ 79.
Kc6 Kxa6 80. Ra2# 1-0

[Event "Early-Titled-Tuesday-Blitz-October-10-2023"]
[Site "Chess.com"]
[Date "2023.10.10"]
[Round "2"]
[White "Doomfist26"]
[Black "Beca95"]
[Result "1/2-1/2"]
[WhiteElo "2610"]
[BlackElo "2895"]
[TimeControl "180+1"]
[EndTime "8:19:22 PDT"]
[Termination "Game drawn by repetition"]

1. e4 c5 2. Nf3 e6 3. d4 cxd4 4. Nxd4 a6 5. c4 Nf6 6. Nc3 Qc7 7. a3 b6 8. Bd3 Bb7 9. f4 Bc5 10. Nc2 O-O 11. b4 Be7 12. O-O d5 13. exd5 exd5 14.
Nxd5 Nxd5 15. cxd5 Bf6 16. Rb1 Rd8 17. Be4 Nd7 18. Ne3 Nf8 19. Ng4 Nd7 20. Be3 Qd6 21.
Qd3 h5 22. Nf2 Bh4 23. Bf3 Bxf2+ 24. Rxf2 Nf6 25. Rd1 Rac8 26. Rfd2 Ng4 27. Bxg4 hxg4 28. Qf5 Rc4 29. Qxg4 Re8 30. Bd4 f6 31. Qg6 Rcc8 32. Be5 Qf8 33. d6 Red8 34. d7 Rc4 35. Bb2 Qf7 36.
f5 Be4 37. Qxf7+ Kxf7 38. g4 Bc6 39. Rd4 Rxd4 40. Rxd4 Bb5 41. Kf2 Rxd7 42. Rxd7+ Bxd7 43. Bd4 b5 44. Ke3 g6 45. fxg6+ Kxg6 46. Kf4 f5 47. g5 Be6 48. h4 Bb3 49. Bf2 Bd1 50. Be1 Be2 51.
Bg3 Bd1 52. Ke5 Be2 53. Kd6 Bd3 54. Kc5 Bc2 55. Kb6 Ba4 56. Kxa6 Kh5 57. Kb6 Kg6 58. Kc5 Kh5 59. Kd4 Kg6 60. Ke5 Bd1 61. Kf4 Be2 62.
Be1 Bd1 63. Ke5 Bc2 64. Bd2 Bd3 65. Be3 Bc2 66. Kf4 Bd1 67. Bc5 Bc2 68. Be7 Kh5 69. Ke5 Kg6 70. Kf4 Bd1 71. Bc5 Bc2 72. Bf2 Kh5 73. Bg3 Kg6 74. Bf2 Kh5 75. Bg3 Kg6 76.
Bf2 1/2-1/2

[Event "Early-Titled-Tuesday-Blitz-October-10-2023"]
[Site "Chess.com"]
[Date "2023.10.10"]
[Round "2"]
[White "kidagent"]
[Black "a-z30"]
[Result "0-1"]
[WhiteElo "2258"]
[BlackElo "2506"]
[TimeControl "180+1"]
[EndTime "8:19:23 PDT"]
[Termination "a-z30 won on time"]

1. c4 e6 2. g3 d5 3. cxd5 exd5 4. Nf3 Nf6 5. Bg2 Bd6 6. O-O O-O 7. d3 Re8 8. Nc3 c5 9. Bg5 d4 10. Ne4 Be7 11.
Bxf6 gxf6 12. Re1 Nc6 13. Rc1 b6 14. Qd2 f5 15. Neg5 Bb7 16. Qf4 Qd6 17. Qxf5 Qg6 18. Qxg6+ hxg6 19. h4 Nb4 20. a3 Nd5 21. Nd2 Rad8 22. Nc4 Bxg5 23. hxg5 Re7 24. e4 dxe3 25.
fxe3 Ba6 26. Rcd1 Nc7 27. Kf2 Ne6 28. Ne5 Bb7 29. Bxb7 Rxb7 30. Nf3 Rbd7 31. Ke2 Rd5 32. e4 R5d7 33. Rd2 Kg7 34. Red1 Nd4+ 35. Nxd4 Rxd4 36. Ke3 R8d6 37. Rf1 c4 38. Rfd1 cxd3 39. Rxd3 Rxd3+ 40. Rxd3 Rc6 41. Rd7 a5 42. Rb7 Kf8 43. Kd4 Ke8 44. Kd5 Re6 45. b4 axb4 46. axb4 Kf8 47. b5 Ke8 48. Rc7 Kf8 49. Rc6 Re7 50. Rxb6 Rd7+ 51. Ke5 Rd3 52. Rb8+ Kg7 53. b6 Rxg3 54. b7 Rxg5+ 55.
Kd6 Rb5 56. Kc6 Rb1 57. Rd8 Rc1+ 58. Kb6 Rb1+ 59. Kc7 Rc1+ 60. Kb8 Rb1 61. Rd4 Kf6 62. Kc7 Ke5 63. Ra4 Rxb7+ 64. Kxb7 g5 65. Kc6 g4 66. Kc5 g3 67. Ra1 Kxe4 68. Kd6 f5 69. Ke6 f4 70.
Kf6 g2 71. Rg1 f3 72. Kg5 f2 73. Rxg2 f1=Q 74. Rg4+ Ke5 75. Kh5 Qf6 76. Rg5+ Kf4 77. Rg4+ Kf3 78. Rg6 Qh8+ 0-1

[Event "Early-Titled-Tuesday-Blitz-October-10-2023"]
[Site "Chess.com"]
[Date "2023.10.10"]
[Round "2"]
[White "GradualismUnleashed"]
[Black "norwaytoadog"]
[Result "1-0"]
[WhiteElo "2565"]
[BlackElo "2330"]
[TimeControl "180+1"]
[EndTime "8:19:27 PDT"]
[Termination "GradualismUnleashed won on time"]

1. e4 c5 2. Nf3 d6 3. d4 cxd4 4.
Nxd4 Nf6 5. Nc3 a6 6. Be3 e5 7.
Nb3 Be7 8. f3 Be6 9. Qd2 h5 10.
Nd5 Nxd5 11. exd5 Bf5 12. Be2 a5 13. a4 O-O 14. O-O Nd7 15. f4 exf4 16. Rxf4 Bg6 17.
Raf1 Rc8 18. Rc4 Rxc4 19. Bxc4 Ne5 20. Be2 b6 21. Nd4 Qc8 22. c3 Nc4 23. Bxc4 Qxc4 24.
Nc6 Re8 25. Bxb6 Qxa4 26. Bxa5 Be4 27. Bb4 Bf6 28. Bxd6 Qc4 29. Nb4 h4 30. Bf4 h3 31.
g3 Rd8 32. d6 Qc5+ 33. Qf2 Qh5 34. Re1 Bf3 35. Nc2 Kh7 36. Nd4 Bd5 37. b4 g5 38.
Qc2+ Kg8 39. Qf5 Qh6 40. Be5 Bxe5 41. Rxe5 Bg2 42. Qxg5+ Qxg5 43. Rxg5+ Kf8 44. Nf5 Re8 45. d7 Rd8 46. Rh5 Kg8 47. Ne7+ Kf8 48. Nf5 Kg8 49.
Rg5+ Kf8 50. Ne3 Bf3 51. Kf2 Be4 52. Re5 f5 53. Re8+ Rxe8 54. dxe8=Q+ Kxe8 55. c4 Kd7 56. c5 Kc6 57. Nd1 Bd5 58. Nc3 Bc4 59. Ke3 Bf1 60. Kf4 Bd3 61. Kg5 Bc2 62. Kh4 Bd3 63. Kxh3 Bf1+ 64.
Kh4 Bg2 65. Kg5 Be4 66. h4 Bd3 67. h5 1-0

[Event "Early-Titled-Tuesday-Blitz-October-10-2023"]
[Site "Chess.com"]
[Date "2023.10.10"]
[Round "2"]
[White "Sadykov_Ramil"]
[Black "Grischuk"]
[Result "0-1"]
[WhiteElo "2621"]
[BlackElo "3012"]
[TimeControl "180+1"]
[EndTime "8:19:32 PDT"]
[Termination "Grischuk won by resignation"]

1. e4 c5 2. Nf3 d6 3. Bb5+ Nd7 4. O-O a6 5. Bd3 Ngf6 6. a4 b6 7. c3 Bb7 8. Re1 e6 9. Bc2 c4 10. d4 cxd3 11. Qxd3 Nc5 12. Qd4 e5 13. Qc4 Rc8 14.
Ng5 Qd7 15. Qb4 h6 16. Nf3 Qc7 17. Nbd2 Be7 18. Nf1 Ncxe4 19. Bxe4 d5 20. Qb3 Nxe4 21. Be3 O-O 22. Bxb6 Qb8 23. Ng3 Kh7 24. a5 f5 25.
Rad1 Ba8 26. Rxd5 Bxd5 27. Qxd5 Nxg3 28. Nxe5 Ne4 29. Nd7 Qd6 30. Nxf8+ Rxf8 31. Qxd6 Bxd6 32. f3 Ng5 33. h4 Nf7 34. Re6 Rc8 35. h5 Bg3 36.
Kf1 Rc4 37. Ke2 Ra4 38. Kd3 Ra2 39. Kc2 Ra1 40. Bd4 Rf1 41. Rxa6 Bf2 42. Ra7 Bxd4 43. cxd4 Nd6 44. Rd7 Rf2+ 45. Kd3 Nb5 46. b4 Rb2 47.
Kc4 Na3+ 48. Kc3 Rb1 49. a6 Nb5+ 50. Kc2 Na3+ 51. Kc3 Nb5+ 52. Kc2 Rxb4 53. a7 Ra4 54.
Rd8 Rxa7 55. Kd2 Ra2+ 56. Ke3 Rxg2 57. Kf4 Rg5 58. d5 Rxh5 59. d6 Nxd6 60. Rxd6 Rh3 61. Rd5 g5+ 62. Kxf5 Rxf3+ 63. Kg4 Rf4+ 64. Kg3 Kg6 65.
Rd6+ Rf6 66. Rd5 h5 67. Rc5 h4+ 68. Kg4 Rf4+ 69. Kh3 Kh5 70. Rb5 Rf3+ 71. Kg2 Re3 72. Kf2 Re4 73. Kg2 Kg4 74. Rb2 h3+ 75. Kh2 Kh4 76.
Ra2 g4 77. Ra1 g3+ 78. Kg1 Rf4 79. Ra8 h2+ 80. Kg2 Rf2+ 81. Kh1 Rf1+ 0-1

[Event "Early-Titled-Tuesday-Blitz-October-10-2023"]
[Site "Chess.com"]
[Date "2023.10.10"]
[Round "2"]
[White "Eloist"]
[Black "CSB7"]
[Result "0-1"]
[WhiteElo "2438"]
[BlackElo "2748"]
[TimeControl "180+1"]
[EndTime "8:19:32 PDT"]
[Termination "CSB7 won by checkmate"]

1. e4 e6 2. d4 d5 3. Nc3 Bb4 4.
exd5 exd5 5. Bd3 Nf6 6. Ne2 O-O 7. O-O Re8 8. Bg5 c6 9. a3 Be7 10. Ng3 h6 11. Bf4 Bd6 12. Qd2 Be6 13. Rae1 Bxf4 14. Qxf4 Nbd7 15. Nf5 Bxf5 16. Bxf5 Rxe1 17. Rxe1 Qb8 18. Qxb8+ Rxb8 19. Re7 Rd8 20. Bxd7 Nxd7 21. f3 Kf8 22. Re2 f6 23. Kf2 Kf7 24. Nd1 a5 25. Ne3 g6 26. c4 Nb6 27. c5 Nc4 28. Rc2 Nxe3 29. Kxe3 Ke6 30. Kd3 Kd7 31. Re2 Rb8 32. f4 b5 33. f5 gxf5 34. Rf2 Ke6 35. Re2+ Kf7 36. Re3 Rg8 37. g3 Rg4 38. Rf3 Kg6 39.
h3 Re4 40. Rf2 Kg5 41. Rf3 a4 42. Rf2 h5 43. Rf3 f4 44. gxf4+ Rxf4 45. Rg3+ Kf5 46. Rg7 Rf3+ 47. Kd2 Rxh3 48. Rc7 Rh2+ 49. Kc3 Rh3+ 50.
Kd2 Ke4 51. Rxc6 Kxd4 52. Rxf6 Kxc5 53. Rf8 Rh2+ 54. Kc3 Rh3+ 55. Kc2 h4 56. Rc8+ Kd4 57. Rb8 Rh2+ 58. Kb1 Kc5 59. Rc8+ Kb6 60. Rb8+ Kc6 61. Rc8+ Kb7 62. Rd8 Kc6 63. Rc8+ Kd6 64. Rd8+ Ke5 65. Re8+ Kd4 66. Rb8 h3 67. Rxb5 Re2 68. Rb4+ Ke3 69.
Rh4 h2 70. Ka2 d4 71. Rh3+ Ke4 72. Rh4+ Kd5 73. Rh5+ Ke4 74. Rh4+ Ke3 75. Rh3+ Kd2 76. b4 Kc1+ 77. Ka1 d3 78. b5 d2 79. Rc3+ Kd1 80.
Rh3 Ke1 81. b6 d1=Q# 0-1

[Event "Early-Titled-Tuesday-Blitz-October-10-2023"]
[Site "Chess.com"]
[Date "2023.10.10"]
[Round "2"]
[White "AlexPapasimakopoulos"]
[Black "Shuvalov"]
[Result "1-0"]
[WhiteElo "2712"]
[BlackElo "2466"]
[TimeControl "180+1"]
[EndTime "8:19:36 PDT"]
[Termination "AlexPapasimakopoulos won on time"]

1. d4 Nf6 2. Nf3 c5 3. e3 d5 4. c4 cxd4 5. exd4 g6 6. Nc3 Bg7 7. Be2 O-O 8. O-O Nc6 9. c5 Bg4 10. Be3 e6 11. a3 b6 12. Bb5 Rc8 13. Bxc6 Rxc6 14. Qa4 Rc8 15. Ne5 bxc5 16. dxc5 Bf5 17. Bd4 h5 18. f3 Nd7 19. Nxd7 Bxd4+ 20. Qxd4 Qxd7 21. g4 hxg4 22. fxg4 e5 23. Qxe5 Be4 24. Nxe4 dxe4 25. Qxe4 Rxc5 26. Rad1 Qc7 27. Qf4 Qb6 28.
Qf2 Rc4 29. h3 Qb3 30. Kh2 Rc2 31. Rd2 Qb8+ 32. Kg1 Rc6 33. Rd3 Qc8 34. b4 Rc2 35. Rd2 Rc3 36. Kh2 Qc7+ 37. Qf4 Qc6 38. Rdf2 Rxa3 39. Qe5 Qd7 40. Rf3 Ra2+ 41. Kg3 Qd2 42. Kh4 Qh6+ 43. Kg3 Qd2 44. Qc3 Qxc3 45. Rxc3 Rb2 46.
Rf4 Rb8 47. Rcc4 Rb7 48. h4 Kg7 49. h5 g5 50. Rfe4 Rb3+ 51. Kf2 Rd7 52. Re3 Rb2+ 53. Kf3 Rb7 54. Re5 R7xb4 55. Rxg5+ Kh7 56. Rxb4 Rxb4 57.
Rf5 Rb7 58. Kf4 Kg7 59. Ra5 Rb4+ 60. Kf5 Rb7 61. g5 Rc7 62. h6+ Kh7 63. Ra6 Rb7 64.
Kf6 Rc7 65. Rd6 Rb7 66. Kf5 a5 67. Ra6 Rb5+ 68. Kf6 Rc5 69. Ra7 Kg8 70. Ra8+ Kh7 71. Ra6 Rb5 72. Ra7 Kg8 73. Rd7 a4 74. Rd8+ Kh7 75. Ra8 Rb4 76. Kxf7 Rf4+ 77. Ke6 Kg6 78.
Rg8+ Kh7 79. Rg7+ Kh8 80. Ra7 Rg4 81. Kf5 Rb4 82. g6 Rb5+ 83. Ke4 Rb8 84. Rxa4 1-0

[Event "Early-Titled-Tuesday-Blitz-October-10-2023"]
[Site "Chess.com"]
[Date "2023.10.10"]
[Round "2"]
[White "VOneChess"]
[Black "m_ezat"]
[Result "1-0"]
[WhiteElo "2281"]
[BlackElo "2485"]
[TimeControl "180+1"]
[EndTime "8:19:40 PDT"]
[Termination "VOneChess won by checkmate"]

1. e4 e5 2. Nf3 Nc6 3. Bb5 Nge7 4. c3 a6 5. Ba4 g6 6. O-O Bg7 7. d4 exd4 8. cxd4 b5 9. Bc2 O-O 10. Nc3 d6 11. h3 Nb4 12. Bb1 c5 13. Be3 c4 14. d5 Bd7 15. a3 Nd3 16. Bxd3 cxd3 17. Qxd3 a5 18. Bd4 b4 19. axb4 axb4 20. Bxg7 Kxg7 21. Qd4+ Kg8 22. Qxb4 Rb8 23. Qxd6 Rxb2 24. Ra7 Nc8 25. Qxd7 Nxa7 26. Qxa7 Qc8 27. Qd4 Qb7 28. d6 Rb4 29. Qe5 f6 30. Qe6+ Qf7 31. Qxf7+ Kxf7 32. Rd1 Rd8 33. Rd5 Rc4 34. Nb5 Rxe4 35.
Rc5 Rd7 36. Nfd4 Re1+ 37. Kh2 Rd1 38. Rc7 Ke8 39. Ne6 R1xd6 40. Nxd6+ Rxd6 41. Nf4 g5 42. Nh5 h6 43. Ng7+ Kd8 44. Ra7 Rd5 45. Ne6+ Kc8 46. Rc7+ Kb8 47. Rh7 Rd6 48. Nc5 f5 49. Nb3 Rc6 50. Nd4 Rf6 51. Kg3 Kc8 52. f3 Kd8 53. f4 Ke8 54. fxg5 hxg5 55. Rg7 f4+ 56. Kg4 Rd6 57. Nf5 Rd2 58. Rxg5 Rxg2+ 59. Kxf4 Rh2 60. h4 Rh1 61. Rg7 Kf8 62. Kg5 Rg1+ 63. Kf6 Rf1 64. Rb7 Kg8 65. h5 Kh8 66. h6 Rg1 67. Rb8+ Kh7 68.
Rb7+ Kh8 69. Rc7 Rg2 70. Nh4 Rf2+ 71. Kg6 Rg2+ 72. Nxg2 Kg8 73. Rc8# 1-0

[Event "Early-Titled-Tuesday-Blitz-October-10-2023"]
[Site "Chess.com"]
[Date "2023.10.10"]
[Round "2"]
[White "lluiss"]
[Black "Russian_berezka"]
[Result "0-1"]
[WhiteElo "2179"]
[BlackElo "2644"]
[TimeControl "180+1"]
[EndTime "8:19:50 PDT"]
[Termination "Russian_berezka won on time"]

1. Nf3 Nf6 2. d4 d5 3. c4 e6 4. cxd5 exd5 5. Nc3 c6 6. Qc2 g6 7. Bg5 Be7 8. e3 Bf5 9. Bd3 Bxd3 10. Qxd3 Nbd7 11. O-O O-O 12. h3 Re8 13. Bf4 Bf8 14. Nd2 b5 15. Ne2 a5 16. Bg5 Qb6 17. Bxf6 Nxf6 18. Ng3 h5 19. Rfc1 a4 20. Rc2 a3 21.
b3 Rac8 22. Rac1 Bd6 23. Ne2 Kg7 24. Nc3 Qb8 25. e4 dxe4 26. Ncxe4 Re6 27. Nxf6 Rxf6 28.
d5 Bh2+ 29. Kf1 Qe5 30. Nf3 Qf4 31. dxc6 Rd6 32. Qc3+ Kh7 33. c7 Rd7 34. Qe3 Qxe3 35. fxe3 Bxc7 36. Ne5 Re7 37. Nc6 Re6 38. Na7 Rf6+ 39.
Ke2 Re8 40. Rxc7 b4 41. Nb5 Re5 42. Nd4 Kg7 43. Nf3 Rd5 44. Rd1 Ra5 45. Rdd7 Raf5 46. h4 Re6 47. Ng5 Ree5 48. Rxf7+ Rxf7 49. Rxf7+ Kg8 50. Rb7 Rc5 51. Rxb4 Rc2+ 52. Kf3 Rxa2 53. Ra4 Ra1 54. b4 a2 55. Kg3 Kf8 56. Ne6+ Ke7 57. Nf4 Kd6 58.
Nxg6 Kc6 59. Nf4 Kb5 60. Ra8 Kxb4 61. e4 Kb3 62. e5 Re1 63. e6 a1=Q 64. Rxa1 Rxa1 65.
Nxh5 Re1 66. Nf4 Kc4 67. Kg4 Kc5 68. g3 Kd6 69. h5 Ke7 70. Kg5 Re5+ 71. Kg6 Kf8 72.
h6 Kg8 73. h7+ Kh8 74. Kf6 Re1 75. Nd5 Kxh7 76. e7 Rf1+ 77. Kg5 Re1 78. Kf6 Kg8 79. Nf4 Re3 80. Ne6 Rf3+ 81. Kg6 Rxg3+ 82. Kh5 Kf7 83.
Kh4 Re3 84. Ng5+ Kxe7 85. Kg4 Ra3 86. Kh5 Ra4 87. Kg6 Ra6+ 0-1

[Event "Early-Titled-Tuesday-Blitz-October-10-2023"]
[Site "Chess.com"]
[Date "2023.10.10"]
[Round "2"]
[White "kaanadayhamle"]
[Black "wonderfultime"]
[Result "1-0"]
[WhiteElo "2425"]
[BlackElo "2981"]
[TimeControl "180+1"]
[EndTime "8:19:58 PDT"]
[Termination "kaanadayhamle won by resignation"]

1. Nf3 d5 2. g3 Nd7 3. Bg2 e5 4. c4 dxc4 5. O-O Ngf6 6. Qc2 Bd6 7. Qxc4 O-O 8. d3 c6 9. Qc2 h6 10. Nc3 Re8 11. Nh4 Nf8 12. Ne4 Be7 13. Nxf6+ Bxf6 14. Nf3 Bf5 15. Be3 Ne6 16. Rfd1 Qd7 17. Rac1 Nd4 18. Qd2 Rad8 19. b3 Bg4 20. Bxd4 exd4 21.
Rc4 Re7 22. Re1 Be6 23. Rcc1 Bd5 24. Rcd1 Rde8 25. Qb2 h5 26. h4 g6 27. Qa3 b6 28.
Qb2 Bg7 29. Qc2 c5 30. Qd2 Qd6 31. Kh2 Bf6 32. Kg1 a5 33. Rc1 Bg7 34. Rb1 f6 35. a3 Bf8 36. b4 cxb4 37. axb4 a4 38.
b5 a3 39. Nh2 Bxg2 40. Kxg2 Qd5+ 41. Nf3 a2 42. Ra1 Ra7 43. Qb2 Bc5 44. Rec1 Rea8 45.
Rc2 Kg7 46. Kg1 Ra4 47. Nd2 R8a7 48. Nc4 Bb4 49. Qb3 Bc3 50. Raxa2 Rxa2 51. Rxa2 Re7 52.
Qa4 g5 53. Qa8 Qxb5 54. hxg5 Qxg5 55. Ra7 f5 56. Rxe7+ Qxe7 57. Qd5 Qxe2 58. Qxf5 b5 59. Qxb5 Qxd3 60. Qd7+ Kf6 61. Qd6+ Kg7 62. Qe5+ Kf8 63. Nd6 Qg6 64. Ne4 Qc6 65. Qf5+ Ke7 66. Qe5+ Kd7 67. Nf6+ Kc8 68. Nd5 Kb7 69. Qe7+ Ka6 70. Qa3+ Kb5 71.
Qb3+ Ka5 72. Nf4 Qb5 73. Qa2+ Qa4 74. Qd5+ Kb4 75. Qe4 Ka3 76. Qb1 Qb3 77. Qc1+ Qb2 78. Qd1 h4 79. gxh4 Qb8 80. Qf3 Kb3 81. Ne2 Kc2 82.
Qe4+ d3 83. Nxc3 Kxc3 84. Qc6+ Kd2 85. Qf3 Qe8 86. Qf4+ Kd1 87. Qa4+ Ke1 88. Qxe8+ 1-0

[Event "Early-Titled-Tuesday-Blitz-October-10-2023"]
[Site "Chess.com"]
[Date "2023.10.10"]
[Round "2"]
[White "invisible_s0ul"]
[Black "dosto07"]
[Result "1/2-1/2"]
[WhiteElo "2293"]
[BlackElo "2502"]
[TimeControl "180+1"]
[EndTime "8:20:11 PDT"]
[Termination "Game drawn - insufficient material"]

1. e4 e5 2. Nf3 Nc6 3. Bb5 a6 4.
Ba4 Nf6 5. O-O Be7 6. Re1 b5 7. Bb3 d6 8. c3 O-O 9. h3 Bb7 10. d4 Re8 11. Nbd2 Bf8 12. a4 h6 13. Bc2 exd4 14. cxd4 Nb4 15. Bb1 c5 16. d5 Nd7 17.
Nf1 f5 18. Ng3 fxe4 19. Bxe4 Nf6 20. Bg6 Rxe1+ 21. Qxe1 Bxd5 22. Ra3 Bf7 23. Bxf7+ Kxf7 24. Qd1 bxa4 25. Bd2 Nfd5 26. Bxb4 Nxb4 27. Rxa4 Qf6 28. Qb3+ Qe6 29. Qc3 Re8 30. Nf1 Be7 31. Ne3 Bf6 32. Qd2 Kg8 33. Ra1 Qb3 34. Rb1 d5 35. Ng4 Re6 36. Nxf6+ Rxf6 37. Qe2 d4 38. Qe8+ Kh7 39.
Qe4+ Kg8 40. Qe8+ Rf8 41. Qe5 Qd5 42. Qxd5+ Nxd5 43. Rc1 Rb8 44. Rxc5 Nf4 45. Nxd4 Rxb2 46. Rc6 a5 47. Ra6 Ra2 48. Nc6 a4 49. Nb4 Ra1+ 50.
Kh2 a3 51. Nc2 Ra2 52. Nxa3 Rxf2 53. Ra8+ Kh7 54. Kg3 Rf1 55. Nc2 Ne2+ 56. Kh2 Nf4 57.
Ne3 Re1 58. Ng4 Re2 59. Kg3 Nxg2 60. Nf2 Ne3 61. Kf3 Re1 62. Re8 Nc2 63. Rxe1 Nxe1+ 64.
Kg3 Kg6 65. Ng4 Nd3 66. Ne3 Kf6 67. Ng2 g5 68. Kf3 h5 69. Kg3 Ne5 70. Ne3 Ng6 71.
Ng2 Ke5 72. Ne3 Nh4 73. Nf1 Nf5+ 74. Kg2 Kf4 75. Nd2 Ne3+ 76. Kh2 h4 77. Nb3 Kf3 78.
Nd4+ Kf4 79. Ne6+ Kf5 80. Nd4+ Ke4 81. Ne6 Kf5 82. Nd4+ Kg6 83. Nf3 Kf6 84. Nd4 Nf5 85. Nf3 Nd6 86. Nd4 Ne4 87. Nf3 Kf5 88. Nd4+ Kf4 89.
Ne6+ Ke3 90. Ng7 Kf4 91. Ne6+ Kf3 92. Ng7 g4 93. hxg4 Kxg4 94. Ne6 Nf2 95. Nd4 h3 96. Ne2 Ne4 97. Ng1 Ng5 98. Nxh3 1/2-1/2